 Dungeon Crawl Stone Soup version 0.16.2-12-gd0ad4c3 (webtiles) character file.

53 Kloppie the Skirmisher (level 3, -2/24 HPs)
             Began as a Gargoyle Berserker on Oct 29, 2015.
             Was a Believer of Trog.
             Slain by Sigmund
             ... wielding a +0 scythe
              (10 damage)
             ... on level 2 of the Dungeon.
             The game lasted 00:02:17 (1144 turns).

Kloppie the Skirmisher (Gargoyle Berserker)         Turns: 1144, Time: 00:02:17

Health: -2/24      AC:  6    Str: 20    XL:     3   Next: 87%
Magic:  3/3        EV: 11    Int:  7    God:    Trog [**....]
Gold:   72         SH:  0    Dex: 10    Spells: 0 memorised, 2 levels left

rFire  . . .     SeeInvis .     a - +0 mace
rCold  . . .     Clarity  .     h - +0 leather armour
rNeg   + . .     SustAb   .     (no shield)
rPois  ∞         Gourm    .     (no helmet)
rElec  +         Spirit   .     (no cloak)
rCorr  .         Warding  .     (no gloves)
rMut   .         Stasis   .     (no boots)
MR     .....                    (no amulet)
Stlth  ..........               (no ring)
                                (no ring)

@: confused, not resistant to hostile enchantments, extremely unstealthy
A: negative energy resistance 1, electricity resistance, unbreathing,
petrification resistance, rot immunity, AC +3
a: Burn Spellbooks, Berserk, Trog's Hand, Renounce Religion


You were on level 2 of the Dungeon.
You worshipped Trog.
Trog was pleased with you.
You were not hungry.

You visited 1 branch of the dungeon, and saw 2 of its levels.

You collected 72 gold pieces.

Inventory:

Hand weapons
 a - a +0 mace (weapon)
Armour
 h - a +0 leather armour (worn)
Jewellery
 b - an uncursed ring of flight {unknown}
 f - an uncursed amulet of regeneration {unknown}
 i - a cursed amulet of inaccuracy {unknown}
Scrolls
 e - a scroll of immolation {unknown}
Potions
 d - 2 potions of restore abilities {unknown}
 g - a potion of cure mutation {unknown}
 k - a potion of lignification {unknown}
Books
 l - a Young Poisoner's Handbook

   Spells                             Type                      Level
   a - Sting                          Conjuration/Poison           1
   b - Cure Poison                    Poison                       2
   c - Mephitic Cloud                 Conjuration/Poison/Air       3
   d - Olgreb's Toxic Radiance        Poison                       4
   e - Venom Bolt                     Conjuration/Poison           5
   Trog disapproves of the use of such an item.
Comestibles
 c - a bread ration
 j - a beef jerky
 m - a slice of pizza


   Skills:
 + Level 4.1 Fighting
 + Level 4.0 Maces & Flails
 - Level 2.1 Armour
 - Level 1.5 Dodging


You had 2 spell levels left.
You didn't know any spells.

Dungeon Overview and Level Annotations

Branches:
Dungeon (2/15)

Altars:

Annotations:
D:2 Sigmund


Innate Abilities, Weirdness & Mutations

You are resistant to torment.
You are immune to poison.
Your stone body is very resilient (AC +3).
You resist negative energy.
You are resistant to electric shocks.
You can survive without breathing.
You are immune to petrification.
You are immune to rotting.


Message History

n - a chunk of flesh You see here 3 stones.
Eat a chunk of flesh? (ye/n/q/i?) This raw flesh tastes terrible.
You continue eating. x2
There is a stone staircase leading down here.
You climb downwards.
Level annotation: Sigmund
There is a stone staircase leading up here.
Sigmund is too close now for your liking.
Sigmund gestures at you while chanting.
You are confused.
You're too confused!
You're too confused!
Sigmund hits you from afar with a scythe!
Sigmund screams, "Die, monster!"
Sigmund hits you from afar with a scythe!
* * * LOW HITPOINT WARNING * * *
Sigmund hits you from afar with a scythe!
You die...

#....h........#
########.#.#.## ##.#.###
.## ############..#.#
....###.........##†##)####
#..<..÷.......##.##.#..#
####..........#.)##.#..##
#<.........@.........#
##.......@.#[###....##
#..((.......##.....#
#...(...)..###...###
#..........# #>.##
##########.###..# #.....##
###.)...# #.....###
#.##..##


You could see Sigmund.

Vanquished Creatures
  An adder (D:2)
  A giant mite (D:2)
  A giant gecko (D:1)
  2 giant cockroaches
  3 goblins
  3 hobgoblins
  3 jackals
  6 kobolds
  2 quokkas (D:2)
  A ball python (D:1)
  2 bats
  A giant newt (D:1)
  10 rats
36 creatures vanquished.

Notes
Turn   | Place    | Note
--------------------------------------------------------------
     0 | D:1      | Kloppie, the Gargoyle Berserker, began the quest for the Orb.
     0 | D:1      | Reached XP level 1. HP: 14/14 MP: 1/1
   217 | D:1      | Reached XP level 2. HP: 19/19 MP: 2/2
   737 | D:2      | Acquired Trog's second power
   748 | D:2      | Reached XP level 3. HP: 24/24 MP: 3/3
   813 | D:2      | Reached skill level 4 in Fighting
   840 | D:2      | Noticed Sigmund
  1144 | D:2      | Slain by Sigmund

Action                   || total
-------------------------++-------
Melee: Mace              ||    95
  Eat: Chunk             ||     1
